cohdb
Replays
Latest Replays
All Replays
Popular Replays
Top Player Replays
Match Explorer
How It Works
Community
CoH3 Stats
Reddit
Sign in to upload your games and track your stats! →
Sign in with Steam
Match 41314827
Unlisted
Match 41314827
Overview
Messages
Build Orders
End
Construct Barracks
Riflemen Squad
Selects Advanced Infantry Battlegroup
Riflemen Squad
M1 Mortar Team
Grenade Package
Riflemen Squad
Selects Artillery Observers
Infantry Support Center
Artillery Observer Squad
Construct Medical Station
Selects Convert to Ranger Squad
Convert to Ranger Squad
Selects Designate Assault Position
Construct Motor Pool
M8 Greyhound Armored Car
Advanced Logistics
Selects Infantry Assault
M1 Anti-tank Gun Team
Engineer Squad
M1918 Browning Automatic Rifles
Convert to Ranger Squad
Selects M2A1 105mm Howitzer Emplacement
M1 Anti-tank Gun Team
Survival Training
Infantry Assault
Construct Tank Depot
Engineer Squad
Ranger Squad
Vishtan
Lionheart
UH|ck
iceman
0
0
Comments
sign in to comment!
No comments posted yet!